 Dungeon Crawl Stone Soup version 0.31-a0-1074-g0b22e4e0f1 (webtiles) character file.

Game seed: 1657472940254810801

9160 grandjackal the Fighter (level 11, 0/92 HPs)
             Began as a Demonspawn Gladiator on Dec 2, 2023.
             Was a Believer of Ru.
             Slain by Snorg (5 damage)
             ... on level 12 of the Dungeon.
             The game lasted 00:10:45 (11145 turns).

grandjackal the Fighter (Demonspawn Gladiator)     Turns: 11145, Time: 00:10:45

Health: 0/92       AC: 19    Str: 24    XL:     11   Next: 19%
Magic:  11/11      EV:  9    Int: 10    God:    Ru [**....]
Gold:   646        SH:  0    Dex: 13    Spells: 10/10 levels left

rFire   . . .        E - +5 woodcutter's axe
rCold   . . .        (shield currently unavailable)
rNeg    . . .        N - +1 plate armour {Will+}
rPois   .            c - +0 helmet
rElec   .            J - +0 cloak
rCorr   .            (no gloves)
SInv    .            F - +0 pair of boots
Will    ++...        h - amulet of the acrobat Stlth
                     u - +6 ring of strength
HPRegen 0.35/turn    D - ring of willpower
MPRegen 0.12/turn

%: acrobat
@: no status effects
A: repulsion field 1, spiny 2, hated by all, inability to train dodging, demonic
touch 2, clumsy 1
a: Renounce Religion


You were on level 12 of the Dungeon.
You worshipped Ru.
Ru was pleased with you.
You visited 1 branch of the dungeon, and saw 12 of its levels.

You collected 690 gold pieces.
You spent 44 gold pieces at shops.

Inventory:

Hand Weapons
 a - a +0 war axe
 b - a +1 whip of venom
 B - a +0 whip of electrocution
 E - the +5 woodcutter's axe (weapon)
   (You found it on level 8 of the Dungeon)
Missiles
 d - a throwing net (quivered)
 e - 7 javelins
Armour
 c - a +0 helmet (worn)
 F - a +0 pair of boots (worn)
 J - a +0 cloak (worn)
 N - a +1 plate armour of willpower (worn)
Jewellery
 h - an amulet of the acrobat (around neck)
 u - a +6 ring of strength (left hand)
 D - a ring of willpower (right hand)
 L - a ring of resist corrosion
Wands
 p - a wand of iceblast (16)
 G - a wand of paralysis (4)
 K - a wand of digging (12)
Scrolls
 f - 3 scrolls of revelation {unknown}
 g - a scroll of enchant armour {unknown}
 i - 4 scrolls of vulnerability {unknown}
 j - 5 scrolls of poison {unknown}
 k - 9 scrolls of teleportation {unknown}
 m - 8 scrolls of amnesia {unknown}
 q - 4 scrolls of fear {unknown}
 v - 2 scrolls of fog {unknown}
 x - a scroll of blinking {unknown}
 y - a scroll of silence {unknown}
 z - 3 scrolls of identify {unknown}
 I - 2 scrolls of immolation {unknown}
Potions
 l - 3 potions of brilliance {unknown}
 o - 3 potions of lignification {unknown}
 s - 2 potions of cancellation {unknown}
 t - 3 potions of mutation {unknown}
 w - 3 potions of magic {unknown}
 A - 5 potions of curing {unknown}
 C - a potion of haste {unknown}
 H - a potion of enlightenment {unknown}
 M - a potion of attraction {unknown}


   Skills:
 + Level 10.5 Fighting
 + Level 9.7 Axes
 - Level 1.7 Throwing
 + Level 9.1 Armour
 - Level 1.0 Evocations


You had 10 spell levels left.
You didn't know any spells.
Your spell library contained the following spells:

 Spells                   Type           Power      Damage    Failure   Level
 Apportation              Tloc           0%         N/A       99%         1
 Necrotise                Necr           0%         1d4       99%         1
 Cigotuvi's Dreadful Rot  Necr/Pois/Air  0%         N/A       100%        2
 Lesser Beckoning         Tloc           0%         N/A       100%        2
 Gell's Gravitas          Tloc           0%         N/A       100%        3
 Ignite Poison            Fire/Tmut/Pois 0%         N/A       100%        3
 Inner Flame              Hex/Fire       0%         N/A       100%        3
 Teleport Other           Tloc           0%         N/A       100%        3
 Freezing Cloud           Conj/Ice/Air   0%         6-21      100%        5
 Yara's Violent Unravell  Hex/Tmut       0%         3d3       100%        5
 Enfeeble                 Hex            0%         N/A       100%        7
 Summon Small Mammal      Summ           Unusable   N/A       N/A         1

Dungeon Overview and Level Annotations

Branches:
Dungeon (12/15)            Temple (0/1) D:7            Lair (0/5) D:11
    Orc (0/2) D:10

Altars:
Ashenzari
Dithmenos
Gozag
Kikubaaqudgha
Makhleb
Nemelex Xobeh
Qazlal
Ru
Xom

Shops:
D:3 (   D:4 *

Annotations:
D:12 Snorg


Innate Abilities, Weirdness & Mutations

You are surrounded by a mild repulsion field. (EV +2)
You are mostly covered in sharp spines.
You are hated by all.
You cannot train Dodging skill.
Your touch may inflict irresistible damage on your foes.
You are clumsy. (Dex -2)


Message History

Throw: 3 throwing nets
Press: ? - help, Q - select action, (/) - cycle Shift-Dir - straight line, f/p - Snorg
Aim: Snorg (lightly wounded, berserk, blind, 60% to hit)
You throw a throwing net. The throwing net barely misses Snorg.
Snorg is struck by your spines. Snorg closely misses you.
Snorg claws you but does no damage. Snorg claws you!!
* * * LOW HITPOINT WARNING * * *
Throw: 2 throwing nets
Press: ? - help, Q - select action, (/) - cycle Shift-Dir - straight line, f/p - Snorg
Aim: Snorg (lightly wounded, berserk, blind, 60% to hit)
You throw a throwing net. The throwing net hits Snorg.
Snorg is caught in the net!
Snorg is lightly wounded.
Snorg struggles against the net. x2
You hit Snorg.
Snorg is moderately wounded.
Snorg struggles against the net.
You slash Snorg!
Snorg is moderately wounded.
Snorg struggles against the net.
The net rips apart, and Snorg comes free!
Snorg is struck by your spines. Snorg bites you but does no damage.
Snorg claws you!
* * * LOW HITPOINT WARNING * * *
Snorg closely misses you.
You feel much better. Snorg bites you.
* * * LOW HITPOINT WARNING * * *
Snorg claws you but does no damage. Snorg claws you.
* * * LOW HITPOINT WARNING * * *
You slice Snorg!!
Snorg is heavily wounded.
Snorg barely misses you. x2; Snorg claws you!
* * * LOW HITPOINT WARNING * * *
Snorg barely misses you. x2; Snorg claws you but does no damage.
Unknown command.
You closely miss Snorg.
Snorg is heavily wounded.
Snorg is struck by your spines. Snorg bites you but does no damage.
Snorg claws you but does no damage. Snorg claws you.
You die...

# (. # #..
######## # #.#
##......#### #.#
#.)......... #.#
#.........# #.#
##........# #T##
###........##
#@####...##....##
#......#####..##
##..#### ####
#.## ###


You could see Snorg (berserk, blind).

Vanquished Creatures
  A two-headed ogre (D:10)
  An orc knight (D:10)
  A kobold demonologist (D:9)
  3 polar bears (D:11)
  2 trolls
  Prince Ribbit (D:7)
  3 centaur simulacra (D:11)
  2 yaks (D:11)
  A shadow (D:11)
  A wyvern (D:8)
  2 water moccasins (D:7)
  11 orc warriors
  5 ice beasts (D:11)
  3 sky beasts
  2 ogres
  A wolf (D:11)
  3 phantoms
  4 centaurs
  6 kobold brigands
  4 bullfrogs
  2 gnoll sergeants
  2 scorpions
  3 wights (D:8)
  9 killer bees
  3 electric eels (D:11)
  2 howler monkeys (D:11)
  5 orc priests
  2 gnoll boudas (D:8)
  4 jellies
  2 hounds
  A sleepcap (D:5)
  Natasha (thrice) (D:2)
  4 iguanas
  4 orc wizards
  23 gnolls
  10 adders
  A shadow imp (D:6)
  4 white imps
  3 ufetubi
  2 worms
  38 orcs
  4 endoplasms
  2 giant cockroaches
  6 goblins
  5 hobgoblins
  5 jackals
  7 quokkas
  5 ball pythons
  5 bats
  3 frilled lizards
  27 kobolds
  9 rats
262 creatures vanquished.

Notes
Turn   | Place    | Note
-------+----------+-------------------------------------------
     0 | D:1      | grandjackal the Demonspawn Gladiator began the quest for
                  | the Orb.
     0 | D:1      | Reached XP level 1. HP: 16/16 MP: 1/1
   439 | D:1      | Gained mutation: You are partially covered in sharp spines.
                  | [demonic ancestry]
   439 | D:1      | Reached XP level 2. HP: 22/22 MP: 2/2
   876 | D:2      | Reached XP level 3. HP: 28/28 MP: 3/3
   895 | D:2      | Reached skill level 1 in Armour
  1008 | D:2      | Noticed Natasha
  1018 | D:2      | Killed Natasha
  1019 | D:2      | Reached skill level 3 in Fighting
  1019 | D:2      | Reached XP level 4. HP: 28/35 MP: 4/4
  1091 | D:2      | Noticed Natasha
  1096 | D:2      | Killed Natasha
  1397 | D:2      | Noticed Natasha
  1402 | D:2      | Killed Natasha
  1403 | D:2      | Gained mutation: You are mostly covered in sharp spines.
                  | [demonic ancestry]
  1403 | D:2      | Reached XP level 5. HP: 34/41 MP: 5/5
  1596 | D:3      | Identified the +0 robe of the Armoured One {rC+ Str+3}
  1620 | D:3      | Noticed an ogre
  1646 | D:3      | Killed an ogre
  1824 | D:3      | Reached skill level 4 in Fighting
  1824 | D:3      | Gained mutation: Your touch may inflict minor irresistible
                  | damage on your foes. [demonic ancestry]
  1824 | D:3      | Reached XP level 6. HP: 18/48 MP: 6/6
  1936 | D:3      | Found Opnuhaq's Antique Weapon Shoppe.
  2169 | D:3      | Found a burning altar of Makhleb.
  2481 | D:3      | Found a faded altar of an unknown god.
  2489 | D:3      | Got Plato's Guide on Summoning
  2811 | D:4      | Found Qovas's Assorted Antiques.
  2820 | D:4      | Bought a viscous emerald potion for 22 gold pieces
  2820 | D:4      | Bought a viscous emerald potion for 22 gold pieces
  3225 | D:5      | Entered Level 5 of the Dungeon
  3236 | D:5      | Reached XP level 7. HP: 45/55 MP: 7/7
  3319 | D:5      | Found an opulent altar of Gozag.
  3349 | D:5      | Found a sparkling altar of Nemelex Xobeh.
  3474 | D:5      | Reached skill level 5 in Fighting
  3697 | D:5      | Found an ancient bone altar of Kikubaaqudgha.
  3703 | D:5      | Reached skill level 5 in Axes
  3950 | D:6      | Found a sacrificial altar of Ru.
  3954 | D:6      | Found a broken altar of Ashenzari.
  4116 | D:6      | Became a worshipper of Ru the Awakened
  4146 | D:6      | Reached XP level 8. HP: 64/64 MP: 8/8
  4800 | D:7      | Reached skill level 6 in Fighting
  4820 | D:7      | Reached skill level 5 in Armour
  5275 | D:7      | Noticed Prince Ribbit
  5284 | D:7      | Killed Prince Ribbit
  5285 | D:7      | Reached skill level 7 in Fighting
  5292 | D:7      | Gained mutation: Your touch may inflict irresistible damage
                  | on your foes. [demonic ancestry]
  5292 | D:7      | Reached XP level 9. HP: 30/72 MP: 9/9
  5446 | D:7      | Found a staircase to the Ecumenical Temple.
  5713 | D:7      | Found a shadowy altar of Dithmenos.
  5800 | D:8      | Gained mutation: You are hated by all. [Ru sacrifice]
  5800 | D:8      | Reached * piety under Ru
  5869 | D:8      | Found a stormy altar of Qazlal.
  6000 | D:8      | Found the +5 woodcutter's axe
  6175 | D:8      | Found a shimmering altar of Xom.
  6633 | D:9      | Reached skill level 8 in Fighting
  6822 | D:9      | Noticed a troll
  6833 | D:9      | Killed a troll
  7086 | D:9      | Reached skill level 1 in Evocations
  7650 | D:10     | Entered Level 10 of the Dungeon
  7653 | D:10     | Noticed a kobold demonologist
  7655 | D:10     | Noticed an ice devil
  7658 | D:10     | Gained mutation: You are clumsy. (Dex -2) [a neqoxec]
  7802 | D:10     | Noticed a sixfirhy
  7805 | D:9      | Killed a kobold demonologist
  7806 | D:9      | Reached XP level 10. HP: 39/82 MP: 10/10
  8019 | D:10     | Noticed a two-headed ogre
  8032 | D:10     | Killed a two-headed ogre
  8033 | D:10     | Reached skill level 9 in Fighting
  8213 | D:10     | Gained mutation: You cannot train Dodging skill. [Ru
                  | sacrifice]
  8213 | D:10     | Reached ** piety under Ru
  8476 | D:10     | Found a staircase to the Orcish Mines.
  9882 | D:11     | Found a staircase to the Lair.
 10153 | D:11     | Reached skill level 10 in Fighting
 10333 | D:11     | Gained mutation: You are surrounded by a mild repulsion
                  | field. (EV +2) [demonic ancestry]
 10333 | D:11     | Reached XP level 11. HP: 69/91 MP: 11/11
 10564 | D:11     | Noticed an orc knight
 10803 | D:10     | Killed an orc knight
 11132 | D:12     | Noticed Snorg
 11142 | D:12     | HP: 2/92 [Snorg (15)]
 11145 | D:12     | Slain by Snorg

Illustrated notes

Levels and vault maps discovered:
D:1:      dpeg_arrival_simpleton_c, layout_loops_cross, nicolae_eternal_life
D:2:      layout_basic, dk_noncrumbling_3, serial_bayou_pond_d,
          nicolae_half_adder, uniq_natasha
D:3:      layout_basic, mainiacjoe_overflow_alcove_4,
          shapermc_ecumenical_altar_rom_forum, serial_shops,
          nicolae_shop_overgrown_old_shop
D:4:      layout_cave_pools, nicolae_overflow_hidden_temple, serial_shops,
          shop_statue
D:5:      layout_rooms, mainiacjoe_overflow_alcove_1,
          mainiacjoe_overflow_six_doors_small, mainiacjoe_overflow_chevrons
D:6:      layout_basic, grunt_temple_overflow_open, dreamdust_princess_bridge
D:7:      layout_cave_pools, grunt_dithmenos_shadows, temple_green,
          lightli_minifort, uniq_prince_ribbit1
D:8:      layout_basic, nicolae_qazlal_beasts_of_the_sky,
          mainiacjoe_overflow_concentric_impassable,
          nicolae_elevator_lobby_asterisk
D:9:      layout_grid_maze
D:10:     layout_cave_pods, mainiacjoe_overflow_cross_hatched, orc_0_dummy
D:11:     layout_basic, lair_entry_dummy, special_room [special_room_orc],
          serial_ice, serial_ice_g, serial_ice_n, serial_ice_j, serial_ice_o,
          hex_tiny
D:12:     layout_cave_pods, minmay_between, uniq_snorg

Skill      XL: |  1  2  3  4  5  6  7  8  9 10 11 |
---------------+----------------------------------+-----
Dodging        | 3 0 |  0.0
Axes           | 3 4 5 6 8 9 |  9.7
Armour         | 1 2 3 4 5 7 8 9 |  9.1
Fighting       | 3 4 5 7 8 10 | 10.5
Evocations     | 1 |  1.0
Throwing       | |  1.7

Action                     |  1- 3 |  4- 6 |  7- 9 | 10-12 || total
---------------------------+-------+-------+-------+-------++-------
  Melee: War axe           |    21 |       |       |       ||    21
         Whip              |    44 |   102 |   150 |       ||   296
         Punch             |       |     2 |     2 |       ||     4
         Touch             |       |     9 |    24 |       ||    33
         Battleaxe         |       |       |    71 |   173 ||   244
  Throw: Throwing net      |       |       |       |     3 ||     3
 Invoke: Sacrifice Love    |       |       |     1 |       ||     1
         Sacrifice Nimblen |       |       |       |     1 ||     1
    Use: Potion            |     2 |       |       |     1 ||     3
   Stab: Sleeping          |     1 |       |       |       ||     1
         Invisible         |       |       |       |     4 ||     4
         Distracted        |       |       |       |     1 ||     1
 Armour: Leather armour    |     9 |       |       |       ||     9
         Ring mail         |    22 |       |       |       ||    22
         Chain mail        |     4 |    69 |   163 |   157 ||   393
         Plate armour      |       |       |       |    25 ||    25
  Dodge: Dodged            |    45 |    36 |   116 |   123 ||   320

Table legend: (Time is in decaauts)
 A = Elapsed time spent in this place.
 B = Non-inter-level travel time spent in this place.
 C = Inter-level travel time spent in this place.
 D = Time resting spent in this place.
 E = Time spent auto-exploring this place.
 F = Levels seen in this place.
 G = Mean time per level.
                   A        B        C        D        E       F      G
               +--------+--------+--------+--------+--------+-----+--------+
         Total |  11172 |  10761 |    411 |   2739 |   6548 |  12 |  931.0 |
       Dungeon |  11172 |  10761 |    411 |   2739 |   6548 |  12 |  931.0 |
               +--------+--------+--------+--------+--------+-----+--------+

Top non-repeatable levels by time:
    D:11: 1988 daAuts
     D:9: 1322 daAuts
     D:3: 1215 daAuts
    D:10: 1165 daAuts
     D:6: 1092 daAuts
     D:7: 834 daAuts
     D:8: 818 daAuts
     D:1: 803 daAuts
     D:2: 770 daAuts
     D:5: 595 daAuts
     D:4: 479 daAuts
    D:12: 87 daAuts
